AoeStats
← OTTOMAN EMPİREEEEEEE5956

Arena

510158958Analyzed
4v4 RM · 2d ago on Sep 29, 2026· 32m 18s· 8 players
Game mode
Random Map
Map size
Large (8 player)
Population
200
Speed
Normal
Resources
Standard
Victory
Conquest
Starting age
Dark Age
Ending age
Imperial Age
RankedLock teamsTeams togetherTeam positionsShared explorationLock speedFull tech treeHidden civsTurbo modeCheats
Victory
Defeat
🇩🇪 Varangians · Germany
1299
+14
🇩🇪 Bengalis · Germany
1292
+15
🇩🇪 Cumans · Germany
1213
+18
🇩🇪 Spanish · Germany
1210
+18
🇹🇷 Turks · Türkiye
1281
-17
🇹🇷 Italians · Türkiye
1276
-17
1252
-16
🇹🇷 Persians · Türkiye
1233
-15
Dj Paddy
9:05 Feudal Age
9:43 Horse Collar
10:05 Double-Bit Axe
15:27 Loom
19:58 Wheelbarrow
23:55 Castle Age
24:06 Capped Ram
25:03 Hand Cart
25:55 Bow Saw
29:27 Fletching
29:37 Padded Archer Armor
30:16 Bodkin Arrow
31:05 Ballistics
33:41 Imperial Age
31:21 Thumb Ring
31:20 Gold Mining
31:21 Stone Mining
32:02 Leather Archer Armor
33:14 Gold Shaft Mining
Bruderachim
9:37 Feudal Age
10:27 Loom
13:39 Castle Age
11:59 Double-Bit Axe
13:23 Scale Mail Armor
14:48 Squires
15:54 Gambesons
21:13 Chain Mail Armor
23:12 Horse Collar
23:52 Bow Saw
24:27 Arson
26:26 Forging
30:28 Iron Casting
29:55 Gold Mining
MergaTorbi
6:59 Loom
9:53 Feudal Age
13:57 Castle Age
12:57 Double-Bit Axe
13:20 Loom
18:25 Fletching
21:30 Padded Archer Armor
24:45 Bodkin Arrow
25:43 Bow Saw
27:17 Light Cavalry
28:33 Bloodlines
29:44 Scale Barding Armor
30:51 Town Watch
31:45 Wheelbarrow
ThaddelPaddel
9:46 Feudal Age
14:21 Castle Age
12:49 Loom
15:09 Double-Bit Axe
17:38 Horse Collar
22:35 Heavy Plow
23:59 Bow Saw
25:47 Wheelbarrow
26:32 Gold Mining
29:59 Imperial Age
27:49 Scale Barding Armor
28:44 Hand Cart
29:42 Husbandry
29:53 Bloodlines
30:04 Chain Barding Armor
31:23 Plate Barding Armor
32:26 Stone Mining
OTTOMAN EMPİREEEEEEE5956
10:41 Feudal Age
14:50 Castle Age
15:43 Scale Barding Armor
15:48 Forging
16:15 Husbandry
15:37 Cavalier
18:28 Chain Barding Armor
19:15 Horse Collar
19:22 Double-Bit Axe
yusufcan5659
10:15 Feudal Age
15:28 Castle Age
13:44 Double-Bit Axe
19:27 Loom
22:19 Fletching
24:45 Bow Saw
24:26 Horse Collar
25:08 Fortified Wall
26:31 Padded Archer Armor
26:48 Heavy Plow
27:24 Gold Mining
30:52 Ballistics
31:26 Bodkin Arrow
31:46 Leather Archer Armor
Yuri
11:51 Feudal Age
13:24 Loom
16:06 Castle Age
16:18 Double-Bit Axe
20:03 Imperial Age
17:41 Double-Bit Axe
21:28 Padded Archer Armor
26:11 Leather Archer Armor
HAWK JAMOKA5956
7:22 Loom
9:57 Feudal Age
15:48 Castle Age
13:42 Horse Collar
14:09 Double-Bit Axe
15:35 Forging
15:43 Scale Barding Armor
23:04 Husbandry
24:19 Bloodlines
26:11 Wheelbarrow
Connection lost

Rejoining the realm…

Still unreachable

The connection could not be restored.

Session expired

The server has moved on; the page needs a fresh start.